 Dungeon Crawl Stone Soup version 0.28-a0-793-g31680bbd8b (webtiles) character file.

Game seed: 4048351947603157419

6 ytrimaz the Skirmisher (level 1, 0/18 HPs)
             Began as a Demonspawn Fighter on Nov 4, 2021.
             Slain by a goblin (2 damage)
             ... on level 1 of the Dungeon.
             The game lasted 00:00:20 (360 turns).

ytrimaz the Skirmisher (Demonspawn Fighter)          Turns: 360, Time: 00:00:20

Health: 0/18       AC:  6    Str: 16    XL:     1   Next: 75%
Magic:  1/1        EV:  9    Int:  9    God:
Gold:   0          SH:  4    Dex: 12    Spells: 0/0 levels left

rFire   . . .      SeeInvis .   a - +0 war axe
rCold   . . .      Faith    .   c - +0 buckler
rNeg    . . .      Spirit   .   b - +0 scale mail
rPois   .          Reflect  .   (no helmet)
rElec   .          Harm     .   (no cloak)
rCorr   .          Rampage  .   (no gloves)
Will    .....                   (no boots)
Stlth   ..........              (no amulet)
HPRegen 0.06/turn               (no ring)
MPRegen 0.07/turn               (no ring)

@: mighty
A: no striking features
a: no special abilities


You were on level 1 of the Dungeon.
You visited 1 branch of the dungeon, and saw 1 of its levels.

Inventory:

Hand Weapons
 a - a +0 war axe (weapon)
Armour
 b - a +0 scale mail (worn)
 c - a +0 buckler (worn)


   Skills:
 + Level 3.1 Fighting
 * Level 1.9 Axes
 + Level 2.8 Armour
 * Level 0.2 Dodging
 + Level 2.7 Shields


You couldn't memorise any spells.
You didn't know any spells.
Your spell library was empty.

Dungeon Overview and Level Annotations

Branches:
Dungeon (1/15)

Altars:


Message History

You barely miss the hobgoblin. You barely miss the bat.
The bat closely misses you. The hobgoblin hits you.
You barely miss the hobgoblin. You hit the bat.
You kill the bat!
The hobgoblin hits you. x2
You are too injured to fight recklessly!
You are too injured to fight recklessly!
You are too injured to fight recklessly!
You are too injured to fight recklessly!
You are too injured to fight recklessly!
You are too injured to fight recklessly!
You are too injured to fight recklessly!
You are too injured to fight recklessly!
You are too injured to fight recklessly!
You are too injured to fight recklessly!
You are too injured to fight recklessly!
You are too injured to fight recklessly!
Unknown command.
You barely miss the hobgoblin. You closely miss the goblin.
You block the hobgoblin's attack. You block the goblin's attack.
You barely miss the hobgoblin. You barely miss the goblin. x2
The hobgoblin hits you.
* * * LOW HITPOINT WARNING * * *
You block the goblin's attack. The goblin hits you but does no damage.
The hobgoblin hits you but does no damage.
The goblin barely misses you.
Unknown command.
You barely miss the goblin. You hit the hobgoblin. You closely miss the goblin.
The goblin hits you with a +0 club.
* * * LOW HITPOINT WARNING * * *
The hobgoblin barely misses you. The goblin closely misses you.
The goblin hits you but does no damage.
Unknown command.
The goblin hits you but does no damage.
You feel very mighty all of a sudden. The hobgoblin closely misses you.
You slash the hobgoblin!
You kill the hobgoblin!
The goblin hits you with a +0 dagger.
You die...

#≈ #≈≈°≈#≈≈≈#..............
# ≈≈≈≈≈≈≈÷≈≈#...###########
≈≈≈≈≈≈≈≈≈##....##########
###########.....)).......
........##########
###.....#..[...... .
.......#.########
....#########....#># #
........gg@......#.########
.......†#####..###........#
...####.#..................
. #.#.###..............
#.#.###...###########
#.#.....#.#..........
#.######._..#########
#...........# # ######...#
#


You could see 2 goblins.

Vanquished Creatures
  An endoplasm (D:1)
  A giant cockroach (D:1)
  A goblin (D:1)
  A hobgoblin (D:1)
  2 bats (D:1)
  A rat (D:1)
7 creatures vanquished.

Notes
Turn   | Place    | Note
-------+----------+-------------------------------------------
     0 | D:1      | ytrimaz the Demonspawn Fighter began the quest for the Orb.
     0 | D:1      | Reached XP level 1. HP: 18/18 MP: 1/1
   316 | D:1      | Found a faded altar of an unknown god.
   360 | D:1      | Slain by a goblin

Illustrated notes

Levels and vault maps discovered:
D:1:      saegor_arrival_miasma, layout_basic, basic_ecumenical_altar

Action                   || total
-------------------------++-------
Melee: War axe           ||    27
  Use: Potion            ||     1
Armor: Scale mail        ||    13
Dodge: Dodged            ||    10
Block: Buckler           ||     7

Table legend: (Time is in decaauts)
 A = Elapsed time spent in this place.
 B = Non-inter-level travel time spent in this place.
 C = Inter-level travel time spent in this place.
 D = Time resting spent in this place.
 E = Time spent auto-exploring this place.
 F = Levels seen in this place.
 G = Mean time per level.
                   A        B        C        D        E       F      G
               +--------+--------+--------+--------+--------+-----+--------+
         Total |    371 |    371 |      0 |    214 |     94 |   1 |  371.0 |
       Dungeon |    371 |    371 |      0 |    214 |     94 |   1 |  371.0 |
               +--------+--------+--------+--------+--------+-----+--------+

Top non-repeatable levels by time:
     D:1: 371 daAuts
